 Dungeon Crawl Stone Soup version 0.29.1-12-g30fa7ad0bf (webtiles) character file.

Game seed: 12925454249028165271

116 lmSkywalker the Stinger (level 4, 0/30 HPs)
             Began as a Demonspawn Venom Mage on Jan 15, 2023.
             Splashed by a jelly's acid (10 damage)
             ... on level 4 of the Dungeon.
             The game lasted 00:15:31 (3808 turns).

lmSkywalker the Stinger (Demonspawn Venom Mage)     Turns: 3808, Time: 00:15:32

Health: 0/30       AC: -2    Str:  8    XL:     4   Next: 70%
Magic:  3/8        EV: 12    Int: 16    God:
Gold:   105        SH:  5    Dex: 16    Spells: 3/8 levels left

rFire   . . .      SeeInvis .   j - +0 dagger (speed)
rCold   . . .      Faith    .   (no shield)
rNeg    . . .      Spirit   .   x - +0 robe {Will+}
rPois   .          Reflect  +   (helmet restricted)
rElec   .          Harm     .   (no cloak)
rCorr   .          Rampage  .   (no gloves)
Will    +....                   (no boots)
Stlth   ++........              v - amulet of reflection
HPRegen 0.10/turn               (no ring)
MPRegen 0.11/turn               (no ring)

@: corroded, very slightly contaminated
A: antennae 1, foul stench 1, demonic touch 1
a: no special abilities


You were on level 4 of the Dungeon.
You visited 1 branch of the dungeon, and saw 4 of its levels.

You collected 105 gold pieces.

Inventory:

Hand Weapons
 e - a +0 club
 i - a +0 whip of draining
 j - a +0 dagger of speed (weapon)
Missiles
 c - 5 javelins
 d - 31 stones
 z - 4 poisoned darts
Armour
 a - a +0 robe
 g - a +0 leather armour
 k - a +0 helmet
 x - a +0 robe of willpower (worn)
Jewellery
 v - an amulet of reflection (around neck)
 w - a ring of magical power
 y - a ring of protection from cold
Scrolls
 h - 2 scrolls of poison {unknown}
 n - a scroll of brand weapon
 o - a scroll of torment {unknown}
 q - a scroll of enchant armour {unknown}
 r - 2 scrolls of identify {unknown}
 s - a scroll of summoning {unknown}
Potions
 b - a potion of magic
 f - 3 potions of curing {unknown}
 l - a potion of flight {unknown}
 m - a potion of might {unknown}
 p - a potion of degeneration {unknown}
 t - a potion of mutation {unknown}
 u - a potion of ambrosia {unknown}


   Skills:
 - Level 2.4 Dodging
 + Level 2.7 Stealth
 + Level 2.7 Spellcasting
 + Level 2.0 Transmutations
 + Level 3.6 Poison Magic


You had 3 spell levels left.
You knew the following spells:

 Your Spells              Type           Power      Damage    Failure   Level
a - Sting                 Tmut/Pois      44%        1d5       6%          1
b - Wereblood             Tmut           8%         N/A       13%         2
c - Poisonous Vapours     Pois/Air       14%        N/A       14%         2

Your spell library contained the following spells:

 Spells                   Type           Power      Damage    Failure   Level
 Beastly Appendage        Tmut           16%        N/A       9%          1
 Foxfire                  Conj/Fire      8%         2x1d4     19%         1
 Spider Form              Tmut/Pois      11%        N/A       19%         3
 Searing Ray              Conj           4%         2d4       28%         2
 Mephitic Cloud           Conj/Pois/Air  6%         N/A       34%         3
 Conjure Flame            Conj/Fire      2%         6-21      50%         3
 Portal Projectile        Hex/Tloc       4%         N/A       50%         3
 Tukima's Dance           Hex            2%         N/A       50%         3
 Olgreb's Toxic Radiance  Pois           13%        N/A       41%         4
 Flame Wave               Conj/Fire      2%         2d4       88%         4
 Hailstorm                Conj/Ice       2%         3d3       88%         4
 Blade Hands              Tmut           4%         N/A       93%         5


Dungeon Overview and Level Annotations

Branches:
Dungeon (4/15)
 Temple: D:4-7

Altars:

Shops:
D:1 (   D:3 :


Innate Abilities, Weirdness & Mutations

You have a pair of small antennae on your head.
You may rarely emit foul miasma when damaged in melee.
Your touch may inflict minor irresistible damage on your foes.


Message History

Found 7 gold pieces.
Casting: Sting (safe; 6% risk of failure)
Confirm with . or Enter, or press ? or * to list all spells.
Aiming: Sting (safe; 6% risk of failure)
Press: ? - help, Shift-Dir - straight line, f - jelly
Aim: a jelly (100% to hit)
The sting hits the jelly.
The jelly is poisoned.
The jelly is lightly wounded.
Casting: Sting (safe; 6% risk of failure)
Confirm with . or Enter, or press ? or * to list all spells.
Aiming: Sting (safe; 6% risk of failure)
Press: ? - help, Shift-Dir - straight line, f/p - jelly
Aim: a jelly (lightly wounded, poisoned, 100% to hit)
The sting hits the jelly.
The jelly partially resists.
The jelly is lightly wounded.
Casting: Sting (safe; 6% risk of failure)
Confirm with . or Enter, or press ? or * to list all spells.
Aiming: Sting (safe; 6% risk of failure)
Press: ? - help, Shift-Dir - straight line, f/p - jelly
Aim: a jelly (lightly wounded, poisoned, 100% to hit)
You miscast Sting.
You are very lightly contaminated with residual magic.
Nothing appears to happen.
The jelly hits you.
You are splashed with acid.
Casting: Sting (safe; 6% risk of failure)
Confirm with . or Enter, or press ? or * to list all spells.
Aiming: Sting (safe; 6% risk of failure)
Press: ? - help, Shift-Dir - straight line, f/p - jelly
Aim: a jelly (lightly wounded, poisoned, 100% to hit)
The sting hits the jelly.
The jelly partially resists.
The jelly is moderately wounded.
The jelly hits you. The acid corrodes you!
You are splashed with acid!
Casting: Sting (safe; 6% risk of failure)
Confirm with . or Enter, or press ? or * to list all spells.
Aiming: Sting (safe; 6% risk of failure)
Press: ? - help, Shift-Dir - straight line, f/p - jelly
Aim: a jelly (moderately wounded, poisoned, 100% to hit)
The sting hits the jelly.
The jelly partially resists.
The jelly is moderately wounded.
The jelly hits you.
You are splashed with acid!
You die...

#....# #....#
#....+ #....#
##...# ###
#..># #...
#...#
#..$.#...##
#....J@...#
#...##....#
#. #...##
#...# .....#
........
#.S........
#...........
##+###...##..


You could see a jelly (poisoned).

Vanquished Creatures
  4 adders
  A dart slug (D:2)
  5 orcs (D:3)
  6 bats
  9 endoplasms
  3 giant cockroaches
  5 hobgoblins
  2 jackals (D:2)
  5 kobolds
  7 quokkas
  5 ball pythons
  3 frilled lizards
  5 goblins
  6 rats
66 creatures vanquished.

Notes
Turn   | Place    | Note
-------+----------+-------------------------------------------
     0 | D:1      | lmSkywalker the Demonspawn Venom Mage began the quest for
                  | the Orb.
     0 | D:1      | Reached XP level 1. HP: 13/13 MP: 3/3
   142 | D:1      | Reached skill level 1 in Transmutations
   513 | D:1      | Discovered your monstrous ancestry.
   513 | D:1      | Gained mutation: Your touch may inflict minor irresistible
                  | damage on your foes. [demonic ancestry]
   513 | D:1      | Reached XP level 2. HP: 19/19 MP: 3/5
  1002 | D:1      | Found Vylowkue's Antique Weapon Shop.
  1679 | D:2      | Gained mutation: You may rarely emit foul miasma when
                  | damaged in melee. [demonic ancestry]
  1679 | D:2      | Reached XP level 3. HP: 24/24 MP: 6/6
  2239 | D:2      | Gained mutation: You have a pair of small antennae on your
                  | head. [demonic ancestry]
  2239 | D:2      | Reached XP level 4. HP: 16/30 MP: 0/7
  2513 | D:2      | Got Kyaxzewk's Guide on Chilling Arcane Weapons
  2716 | D:3      | Learned a level 2 spell: Wereblood
  2719 | D:3      | Learned a level 2 spell: Poisonous Vapours
  2751 | D:3      | Found Gouxo's Book Boutique.
  2938 | D:3      | Found a faded altar of an unknown god.
  3808 | D:4      | Splashed by a jelly's acid

Illustrated notes

Levels and vault maps discovered:
D:1:      dpeg_arrival_signposts, layout_basic, serial_shops, shop
D:2:      layout_loops_ring, corexii_leaking_fountain, minmay_joined_circles
D:3:      layout_rooms, serial_rivers, chequers_serial_rivers_micro_e,
          chequers_serial_rivers_micro_b, chequers_serial_rivers_room_b,
          chequers_serial_rivers_micro_a, serial_shops,
          nicolae_shop_competitors_out_of_business,
          hellmonk_ecumenical_altar_inner_sanctum, minmay_misc_feat_chi
D:4:      layout_gridville, uniq_crazy_yiuf_cottage, uniq_ijyb

Skill      XL: |  1  2  3  4 |
---------------+-------------+-----
Transmutations | 1 2 |  2.0
Stealth        | 2 |  2.7
Dodging        | 2 |  2.4
Spellcasting   | |  2.7
Poison Magic   | |  3.6

Action                   |  1- 3 |  4- 6 || total
-------------------------+-------+-------++-------
Melee: Club              |    12 |       ||    12
       Unarmed           |     7 |       ||     7
       Punch             |     3 |     1 ||     4
       Dagger            |    60 |    65 ||   125
       Touch             |    15 |    11 ||    26
       Whip              |     7 |       ||     7
Throw: Stone             |     1 |       ||     1
 Cast: Sting             |    21 |     9 ||    30
       Poisonous Vapours |       |     3 ||     3
       Wereblood         |       |     2 ||     2
  Use: Scroll            |       |     1 ||     1
 Stab: Sleeping          |     7 |     4 ||    11
Armor: Robe              |    19 |    14 ||    33
Dodge: Dodged            |    61 |    54 ||   115
Block: Other             |       |     2 ||     2
